TOP OF THE 1ST |
Madison Brewers batting - Pitching for Joplin Blasters : RHP Jay Foster
|
Pitching: RHP Jay Foster
|
|
Batting: RHB Ben Follett
|
0-0: Ball 1-0: Swinging Strike 1-1: Ball 2-1: Ball 3-1: Bunted foul 3-2: Ground out 4-3 (Groundball, 4, EV 106.9 MPH)
|
Batting: LHB Jackson Wither
|
0-0: Ball 1-0: Foul Ball, location: 2F 1-1: Ball 2-1: Ball 3-1: Swinging Strike 3-2: SOLO HOME RUN (Flyball, 9D, EV 100.6 MPH), Distance : 388 ft
|
Batting: LHB Bill Kovac
|
0-0: Called Strike 0-1: Foul Ball, location: 2F 0-2: Strikes out looking
|
Batting: RHB Cory Taylor
|
0-0: Called Strike 0-1: Foul Ball, location: 2F 0-2: Ball 1-2: Ground out 5-3 (Groundball, 5, EV 105.6 MPH)
|
Top of the 1st over - 1 run, 1 hit, 0 errors, 0 left on base; Madison 1 - Joplin 0 |
BOTTOM OF THE 1ST |
Joplin Blasters batting - Pitching for Madison Brewers : RHP Yan-hao Chiu
|
Pitching: RHP Yan-hao Chiu
|
|
Batting: RHB Angel Melendez
|
0-0: Ball 1-0: Foul Ball, location: 2F 1-1: Ball 2-1: Called Strike 2-2: Strikes out swinging
|
Batting: RHB Dustin Peterson
|
0-0: Ball 1-0: Ground out 5-3 (Groundball, 56S, EV 69.4 MPH)
|
Batting: RHB Mike McClung
|
0-0: Foul Ball, location: 2F 0-1: Ball 1-1: Called Strike 1-2: Ball 2-2: Strikes out swinging
|
Bottom of the 1st over - 0 runs, 0 hits, 0 errors, 0 left on base; Madison 1 - Joplin 0 |
TOP OF THE 2ND |
Madison Brewers batting - Pitching for Joplin Blasters : RHP Jay Foster
|
Batting: RHB Steve Brock
|
0-0: Foul Ball, location: 2F 0-1: Called Strike 0-2: Ground out 4-3 (Groundball, 4, EV 103.1 MPH)
|
Batting: RHB Tony Coyt
|
0-0: Ground out 3-1 (Groundball, 34, EV 88.8 MPH)
|
Batting: RHB Malcolm McCauley
|
0-0: Ball 1-0: Called Strike 1-1: Ball 2-1: Ball 3-1: Foul Ball, location: 2F 3-2: Base on Balls
|
Batting: RHB Dave Guevara
|
0-0: Ball 1-0: Foul Ball, location: 2F 1-1: Ball 2-1: Swinging Strike 2-2: 2-RUN HOME RUN (Flyball, 7D, EV 96.2 MPH), Distance : 370 ft
|
Batting: LHB Andy Underwood
|
0-0: Called Strike 0-1: Ball 1-1: Ball 2-1: Foul Ball, location: 2F 2-2: Ball 3-2: Foul Ball, location: 2F 3-2: Base on Balls
|
Batting: RHB Ben Follett
|
0-0: Ball 1-0: Ball 2-0: Called Strike 2-1: Ball 3-1: Foul Ball, location: 2F 3-2: Foul Ball, location: 2F 3-2: Base on Balls Andy Underwood to second
|
Batting: LHB Jackson Wither
|
0-0: Foul Ball, location: 2F 0-1: Ball 1-1: Foul Ball, location: 2F 1-2: Foul Ball, location: 2F 1-2: Foul Ball, location: 2F 1-2: Foul Ball, location: 2F 1-2: Ball 2-2: Foul Ball, location: 2F 2-2: Ball 3-2: Fly out, F7 (Line Drive, 7S, EV 100.0 MPH)
|
Top of the 2nd over - 2 runs, 1 hit, 0 errors, 2 left on base; Madison 3 - Joplin 0 |
BOTTOM OF THE 2ND |
Joplin Blasters batting - Pitching for Madison Brewers : RHP Yan-hao Chiu
|
Batting: RHB Tanner Holland
|
0-0: Called Strike 0-1: Swinging Strike 0-2: Ball 1-2: Strikes out swinging
|
Batting: RHB Steve Huebner
|
0-0: Called Strike 0-1: Foul Ball, location: 2F 0-2: Ball 1-2: Foul Ball, location: 2F 1-2: Foul Ball, location: 2F 1-2: SINGLE (Line Drive, 7LM, EV 108.1 MPH)
|
Batting: RHB Nate Brewer
|
0-0: Called Strike 0-1: Called Strike 0-2: 2-RUN HOME RUN (Flyball, 78XD, EV 110.6 MPH), Distance : 413 ft
|
Batting: RHB Jin-hoi Hur
|
0-0: SINGLE (Line Drive, 6M, EV 98.1 MPH)
|
Batting: LHB Josh Lane
|
0-0: Called Strike 0-1: Called Strike 0-2: DOUBLE (Line Drive, 9LM, EV 108.1 MPH) Jin-hoi Hur to third
|
Batting: RHB Jaden Brown
|
0-0: Ball 1-0: Ball 2-0: SINGLE (Line Drive, 9S, EV 98.8 MPH) Jin-hoi Hur scores Josh Lane to third
|
Batting: RHB Angel Melendez
|
0-0: Called Strike 0-1: Swinging Strike 0-2: Strikes out swinging
|
Batting: RHB Dustin Peterson
|
0-0: Ball 1-0: Called Strike 1-1: DOUBLE (Line Drive, 9LM, EV 108.1 MPH) Josh Lane scores Jaden Brown to third
|
Batting: RHB Mike McClung
|
0-0: Ball 1-0: Fly out, F9 (Flyball, 89M, EV 93.8 MPH)
|
Bottom of the 2nd over - 4 runs, 6 hits, 0 errors, 2 left on base; Madison 3 - Joplin 4 |
TOP OF THE 3RD |
Madison Brewers batting - Pitching for Joplin Blasters : RHP Jay Foster
|
Batting: LHB Bill Kovac
|
0-0: Fly out, F7 (Flyball, 7D, EV 106.9 MPH)
|
Batting: RHB Cory Taylor
|
0-0: Ball 1-0: Called Strike 1-1: Foul Ball, location: 2F 1-2: Ball 2-2: Fly out, F9 (Flyball, 9D, EV 101.2 MPH)
|
Pitching: RHP Robert Carlos
|
|
Batting: RHB Steve Brock
|
0-0: Foul Ball, location: 2F 0-1: Ground out 1-3 (Groundball, 34S, EV 65.6 MPH)
|
Top of the 3rd over - 0 runs, 0 hits, 0 errors, 0 left on base; Madison 3 - Joplin 4 |
BOTTOM OF THE 3RD |
Joplin Blasters batting - Pitching for Madison Brewers : RHP Yan-hao Chiu
|
Batting: RHB Tanner Holland
|
0-0: Foul Ball, location: 2F 0-1: Hit by Pitch
|
Batting: RHB Steve Huebner
|
0-0: Swinging Strike 0-1: Foul Ball, location: 2F 0-2: Strikes out swinging
|
Batting: RHB Nate Brewer
|
0-0: Ball 1-0: Foul Ball, location: 2F 1-1: Ball 2-1: Ball 3-1: Called Strike 3-2: Strikes out looking
|
Batting: RHB Jin-hoi Hur
|
0-0: Swinging Strike 0-1: Ball 1-1: Ball 2-1: Ball 3-1: Swinging Strike 3-2: Foul Ball, location: 2F 3-2: Foul Ball, location: 2F 3-2: Fly out, F7 (Flyball, 7D, EV 107.5 MPH)
|
Bottom of the 3rd over - 0 runs, 0 hits, 0 errors, 1 left on base; Madison 3 - Joplin 4 |
TOP OF THE 4TH |
Madison Brewers batting - Pitching for Joplin Blasters : RHP Robert Carlos
|
Pinch Hitting: LHB Moriaki Saito
|
0-0: Ball 1-0: Ball 2-0: Ball 3-0: Called Strike 3-1: Base on Balls
|
Pinch Hitting: RHB Yang-cheng Kui
|
0-0: Called Strike 0-1: Swinging Strike 0-2: Fly out, F2 (Popup, 3SF, EV 78.1 MPH)
|
Pinch Hitting: RHB Ivan Rivera
|
0-0: SINGLE (Line Drive, 78S, EV 93.1 MPH) Moriaki Saito to second
|
Batting: LHB Andy Underwood
|
0-0: Called Strike 0-1: Fly out, F8 (Flyball, 78S, EV 73.1 MPH)
|
Batting: RHB Ben Follett
|
0-0: Called Strike 0-1: Called Strike 0-2: Foul Ball, location: 2F 0-2: Ball 1-2: Ball 2-2: Foul Ball, location: 2F 2-2: Ball 3-2: Hit by Pitch Moriaki Saito to third Ivan Rivera to second
|
Batting: LHB Jackson Wither
|
0-0: Foul Ball, location: 2F 0-1: Ball 1-1: Ball 2-1: Ball 3-1: Fielders Choice at 2nd, 5-4 (Groundball, 56, EV 81.9 MPH)
|
Top of the 4th over - 0 runs, 1 hit, 0 errors, 3 left on base; Madison 3 - Joplin 4 |
BOTTOM OF THE 4TH |
Joplin Blasters batting - Pitching for Madison Brewers : RHP Yan-hao Chiu
|
Now at 3B: Noah Peek
|
|
Now at SS: Yang-cheng Kui
|
|
Now in CF: Andy Underwood
|
|
Now in RF: Ivan Rivera
|
|
Batting: LHB Josh Lane
|
0-0: Ball 1-0: Swinging Strike 1-1: Called Strike 1-2: Strikes out swinging
|
Batting: RHB Jaden Brown
|
0-0: Ball 1-0: Ball 2-0: Called Strike 2-1: Fly out, F7 (Flyball, 78S, EV 93.8 MPH)
|
Batting: RHB Angel Melendez
|
0-0: Swinging Strike 0-1: Foul Ball, location: 2F 0-2: Ground out 5-3 (Groundball, 56, EV 89.4 MPH)
|
Bottom of the 4th over - 0 runs, 0 hits, 0 errors, 0 left on base; Madison 3 - Joplin 4 |
TOP OF THE 5TH |
Madison Brewers batting - Pitching for Joplin Blasters : RHP Robert Carlos
|
Batting: LHB Bill Kovac
|
0-0: Called Strike 0-1: Ball 1-1: Ball 2-1: SINGLE (Flyball, 7S, EV 90.0 MPH)
|
Batting: RHB Cory Taylor
|
0-0: Ball 1-0: Ball 2-0: Ball 3-0: Base on Balls Bill Kovac to second
|
Batting: RHB Steve Brock
|
0-0: Called Strike 0-1: Called Strike 0-2: Foul Ball, location: 2F 0-2: Ball 1-2: Ball 2-2: Grounds into double play, 5-4-3 (Groundball, 56, EV 88.1 MPH) Bill Kovac to third
|
Pinch Hitting: RHB Jelani Griffin
|
0-0: Foul Ball, location: 2F 0-1: Foul Ball, location: 2F 0-2: Ball 1-2: Ball 2-2: Ball 3-2: Foul Ball, location: 2F 3-2: Foul Ball, location: 2F 3-2: 2-RUN HOME RUN (Flyball, 89XD, EV 109.4 MPH), Distance : 434 ft
|
Batting: RHB Yang-cheng Kui
|
0-0: Ball 1-0: Called Strike 1-1: Ball 2-1: Fly out, F8 (Flyball, 8LM, EV 83.8 MPH)
|
Top of the 5th over - 2 runs, 2 hits, 0 errors, 0 left on base; Madison 5 - Joplin 4 |
BOTTOM OF THE 5TH |
Joplin Blasters batting - Pitching for Madison Brewers : RHP Yan-hao Chiu
|
Now at 3B: Jason Hall
|
|
Batting: RHB Dustin Peterson
|
0-0: Called Strike 0-1: Ball 1-1: Swinging Strike 1-2: Strikes out looking
|
Batting: RHB Mike McClung
|
0-0: Called Strike 0-1: Fly out, F8 (Flyball, 89M, EV 88.1 MPH)
|
Batting: RHB Tanner Holland
|
0-0: Ball 1-0: Fly out, F7 (Line Drive, 7LS, EV 97.5 MPH)
|
Bottom of the 5th over - 0 runs, 0 hits, 0 errors, 0 left on base; Madison 5 - Joplin 4 |
TOP OF THE 6TH |
Madison Brewers batting - Pitching for Joplin Blasters : RHP Robert Carlos
|
Batting: RHB Ivan Rivera
|
0-0: Ball 1-0: Ball 2-0: Ball 3-0: Base on Balls
|
Batting: LHB Andy Underwood
|
0-0: Called Strike 0-1: SINGLE (Line Drive, 8LS, EV 100.6 MPH) Ivan Rivera to second
|
Batting: RHB Ben Follett
|
0-0: 3-RUN HOME RUN (Flyball, 78XD, EV 98.8 MPH), Distance : 407 ft
|
Batting: LHB Jackson Wither
|
0-0: Ball 1-0: Ball 2-0: Called Strike 2-1: Called Strike 2-2: Ball 3-2: Foul Ball, location: 2F 3-2: Foul Ball, location: 2F 3-2: Foul Ball, location: 2F 3-2: Foul Ball, location: 2F 3-2: SINGLE (Groundball, 4MD, EV 106.9 MPH)
|
Pitching: RHP Rade Mamula
|
|
Batting: LHB Bill Kovac
|
0-0: Ball 1-0: Fly out, F8 (Line Drive, 8RM, EV 93.8 MPH)
|
Batting: RHB Cory Taylor
|
Balk! Jackson Wither to second 0-0: Ball 1-0: Ball Balk! Jackson Wither to third 2-0: DOUBLE (Line Drive, 7LM, EV 90.6 MPH) Jackson Wither scores
|
Batting: RHB Steve Brock
|
0-0: Swinging Strike 0-1: Swinging Strike 0-2: Ball 1-2: Fly out, F9 (Flyball, 9LS, EV 89.4 MPH)
|
Batting: RHB Jason Hall
|
0-0: Ball 1-0: Ball 2-0: Ground out 4-3 (Groundball, 4, EV 112.5 MPH)
|
Top of the 6th over - 4 runs, 4 hits, 0 errors, 1 left on base; Madison 9 - Joplin 4 |
BOTTOM OF THE 6TH |
Joplin Blasters batting - Pitching for Madison Brewers : RHP Yan-hao Chiu
|
Batting: RHB Steve Huebner
|
0-0: Ball 1-0: Swinging Strike 1-1: Foul Ball, location: 2F 1-2: Foul Ball, location: 2F 1-2: SINGLE (Groundball, 56D, EV 108.8 MPH)
|
Batting: RHB Nate Brewer
|
0-0: Ball 1-0: Called Strike 1-1: Ball 2-1: Ball Pickoff Throw by Catcher to First - Error! E2 Steve Huebner to second 3-1: 2-RUN HOME RUN (Flyball, 7LD, EV 92.5 MPH), Distance : 331 ft
|
Pitching: RHP Rick Acevedo
|
|
Batting: RHB Jin-hoi Hur
|
0-0: Called Strike 0-1: Foul Ball, location: 2F 0-2: Hit by Pitch
|
Batting: LHB Josh Lane
|
0-0: Ball 1-0: Ball 2-0: 2-RUN HOME RUN (Flyball, 9D, EV 101.9 MPH), Distance : 378 ft
|
Batting: RHB Jaden Brown
|
0-0: Called Strike 0-1: Ground out 4-3 (Groundball, 4M, EV 104.4 MPH)
|
Pinch Hitting: RHB Carlos Castillo
|
0-0: SINGLE (Groundball, 34D, EV 95.0 MPH)
|
Batting: RHB Dustin Peterson
|
0-0: Ball 1-0: Ball 2-0: Foul Ball, location: 2F 2-1: Grounds into double play, U3-6 (Groundball, 3L, EV 81.9 MPH)
|
Bottom of the 6th over - 4 runs, 4 hits, 1 error, 0 left on base; Madison 9 - Joplin 8 |
TOP OF THE 7TH |
Madison Brewers batting - Pitching for Joplin Blasters : RHP Rade Mamula
|
Now at 2B: Bobby Leon
|
|
Batting: RHB Yang-cheng Kui
|
0-0: SINGLE (Line Drive, 4MD, EV 96.9 MPH)
|
Batting: RHB Ivan Rivera
|
0-0: Fielders Choice at 2nd, 4-6 (Groundball, 4MS, EV 85.0 MPH)
|
Batting: LHB Andy Underwood
|
0-0: Ball 1-0: SINGLE (Groundball, 6S, EV 66.9 MPH) (infield hit) Ivan Rivera to second
|
Batting: RHB Ben Follett
|
0-0: Called Strike 0-1: Ball 1-1: Foul Ball, location: 2F 1-2: Ball 2-2: Ball 3-2: SINGLE (Line Drive, 89S, EV 103.8 MPH) Ivan Rivera to third Andy Underwood to second Runner from 3rd tries for Home, SAFE, throw by RF to home
|
Batting: LHB Jackson Wither
|
0-0: Called Strike 0-1: Ball 1-1: Called Strike 1-2: Ball Balk! Andy Underwood to third Ben Follett to second 2-2: Strikes out swinging
|
Batting: LHB Bill Kovac
|
0-0: Ball 1-0: Ball 2-0: Called Strike 2-1: Foul Ball, location: 2F 2-2: Fly out, F7 (Flyball, 7LM, EV 73.1 MPH)
|
Top of the 7th over - 1 run, 3 hits, 0 errors, 2 left on base; Madison 10 - Joplin 8 |
BOTTOM OF THE 7TH |
Joplin Blasters batting - Pitching for Madison Brewers : RHP Rick Acevedo
|
Batting: RHB Mike McClung
|
0-0: Ball 1-0: Swinging Strike 1-1: Foul Ball, location: 2F 1-2: TRIPLE (Groundball, 5L, EV 111.2 MPH)
|
Batting: RHB Tanner Holland
|
0-0: Called Strike 0-1: Swinging Strike 0-2: Strikes out swinging
|
Pinch Hitting: RHB Cody Marshall
|
0-0: Ball 1-0: Called Strike 1-1: Ball 2-1: Foul Ball, location: 2F 2-2: Foul Ball, location: 2F 2-2: Strikes out swinging
|
Batting: RHB Nate Brewer
|
0-0: Foul Ball, location: 2F 0-1: Foul Ball, location: 2F 0-2: Foul Ball, location: 2F 0-2: Strikes out swinging
|
Bottom of the 7th over - 0 runs, 1 hit, 0 errors, 1 left on base; Madison 10 - Joplin 8 |
TOP OF THE 8TH |
Madison Brewers batting - Pitching for Joplin Blasters : RHP Rade Mamula
|
Now in RF: Alex Valadez
|
|
Batting: RHB Cory Taylor
|
0-0: Called Strike 0-1: Ball 1-1: Foul Ball, location: 2F 1-2: Foul Ball, location: 2F 1-2: Foul Ball, location: 2F 1-2: Fly out, F9 (Flyball, 89S, EV 81.9 MPH)
|
Batting: RHB Steve Brock
|
0-0: Ball 1-0: Foul Ball, location: 2F 1-1: Ball 2-1: Foul Ball, location: 2F 2-2: Ball 3-2: Base on Balls
|
Pinch Hitting: RHB Todd Massad
|
0-0: Ball Steve Brock is caught stealing 2nd base 2-4 1-0: Ball 2-0: Called Strike 2-1: Fly out, F9 (Flyball, 9, EV 88.1 MPH)
|
Top of the 8th over - 0 runs, 0 hits, 0 errors, 0 left on base; Madison 10 - Joplin 8 |
BOTTOM OF THE 8TH |
Joplin Blasters batting - Pitching for Madison Brewers : RHP Rick Acevedo
|
Now at 3B: Alejandro Collazo
|
|
Now in LF: Sammar Wambugu
|
|
Batting: RHB Colin Padgett
|
0-0: Ground out U3 (Groundball, 13, EV 88.1 MPH)
|
Batting: LHB Josh Lane
|
0-0: Ball 1-0: Swinging Strike 1-1: Swinging Strike 1-2: Fly out, F9 (Line Drive, 89M, EV 92.5 MPH)
|
Batting: RHB Jaden Brown
|
0-0: SOLO HOME RUN (Line Drive, 78XD, EV 105.0 MPH), Distance : 426 ft
|
Pinch Hitting: RHB Esteban Acuna
|
0-0: Ball 1-0: Fly out, F7 (Flyball, 7, EV 76.9 MPH)
|
Bottom of the 8th over - 1 run, 1 hit, 0 errors, 0 left on base; Madison 10 - Joplin 9 |
TOP OF THE 9TH |
Madison Brewers batting - Pitching for Joplin Blasters : RHP Rade Mamula
|
Now at 2B: Esteban Acuna
|
|
Batting: RHB Yang-cheng Kui
|
0-0: Ball 1-0: SOLO HOME RUN (Flyball, 9D, EV 98.1 MPH), Distance : 382 ft
|
Batting: RHB Ivan Rivera
|
0-0: Swinging Strike 0-1: Ball 1-1: Ball 2-1: SOLO HOME RUN (Line Drive, 7LD, EV 96.9 MPH), Distance : 348 ft
|
Batting: LHB Andy Underwood
|
0-0: Ball 1-0: Ball 2-0: Ball 3-0: Called Strike 3-1: Fly out, F9 (Flyball, 89M, EV 86.9 MPH)
|
Batting: RHB Ben Follett
|
0-0: Ball 1-0: Called Strike 1-1: Ball 2-1: Ball 3-1: Base on Balls
|
Pitching: RHP Luis Mendoza
|
|
Batting: LHB Jackson Wither
|
0-0: Called Strike 0-1: Ball 1-1: Ball 2-1: Foul Ball, location: 2F 2-2: Foul Ball, location: 2F 2-2: Foul Ball, location: 2F 2-2: Foul Ball, location: 2F 2-2: Foul Ball, location: 2F 2-2: Foul Ball, location: 2F 2-2: Ball 3-2: DOUBLE (Groundball, 3D, EV 103.1 MPH) Ben Follett to third Runner from 3rd tries for Home, SAFE, throw by RF to trailing runner, SAFE at third!
|
Batting: LHB Bill Kovac
|
0-0: 2-RUN HOME RUN (Flyball, 9D, EV 96.9 MPH), Distance : 393 ft
|
Batting: RHB Alejandro Collazo
|
0-0: Foul Ball, location: 2F 0-1: Foul Ball, location: 2F 0-2: Ball 1-2: Foul Ball, location: 2F 1-2: Ball 2-2: Foul Ball, location: 2F 2-2: Fly out, F9 (Line Drive, 9D, EV 95.6 MPH)
|
Batting: RHB Steve Brock
|
0-0: Called Strike 0-1: Called Strike 0-2: Foul Ball, location: 2F 0-2: Ball 1-2: Ground out 5-3 (Groundball, 5, EV 83.8 MPH)
|
Top of the 9th over - 5 runs, 4 hits, 0 errors, 0 left on base; Madison 15 - Joplin 9 |
BOTTOM OF THE 9TH |
Joplin Blasters batting - Pitching for Madison Brewers : RHP Rick Acevedo
|
Pitching: RHP Matt Stearns
|
|
Batting: RHB Dustin Peterson
|
0-0: Called Strike 0-1: Foul Ball, location: 2F 0-2: Ball 1-2: SINGLE (Line Drive, 6D, EV 108.1 MPH)
|
Batting: RHB Mike McClung
|
0-0: Ball Wild Pitch! Dustin Peterson to second 1-0: Foul Ball, location: 2F 1-1: Fly out, F9 (Flyball, 89M, EV 86.2 MPH)
|
Batting: RHB Tanner Holland
|
0-0: Called Strike 0-1: Swinging Strike 0-2: Ball 1-2: Strikes out swinging
|
Batting: RHB Alex Valadez
|
0-0: Called Strike 0-1: Ball 1-1: Foul Ball, location: 2F 1-2: Foul Ball, location: 2F 1-2: Strikes out swinging
|
Bottom of the 9th over - 0 runs, 1 hit, 0 errors, 1 left on base; Madison 15 - Joplin 9 |
|